 Dungeon Crawl Stone Soup version 0.21-a0-442-g848f44b (webtiles) character file.

8611 Inectha the Archer (level 11, -5/101 HPs)
             Began as a Centaur Hunter on Nov 12, 2017.
             Was an Elder of Lugonu.
             Slain by a two-headed ogre
             ... wielding a +0 giant club
              (14 damage)
             ... on level 10 of the Dungeon.
             The game lasted 02:55:15 (17001 turns).

Inectha the Archer (Centaur Hunter)                Turns: 17001, Time: 02:55:16

Health: -5/101     AC: 15    Str: 15    XL:     11   Next: 12%
Magic:  11/11      EV:  2    Int: 10    God:    Lugonu [****..]
Gold:   240        SH:  0    Dex: 13    Spells: 10/10 levels left

rFire    . . .     SeeInvis .   b - +1 short sword (venom)
rCold    . . .     Gourm    .   (no shield)
rNeg     . . .     Faith    .   Q - +3 plate armour
rPois    .         Spirit   .   q - +1 helmet
rElec    .         Reflect  .   (no cloak)
rCorr    .         Harm     .   t - +1 pair of gloves
MR       .....                  (no barding)
Stlth    ..........             (no amulet)
HPRegen  0.26/turn              j - ring of stealth
MPRegen  0.12/turn              (no ring)

@: very quick
A: hooves 3, deformed body, speed 2, tough skin 3
a: Depart the Abyss, Bend Space, Banish, Corrupt, Renounce Religion


You were on level 10 of the Dungeon.
You worshipped Lugonu.
Lugonu was greatly pleased with you.
You were not hungry.

You visited 1 branch of the dungeon, and saw 12 of its levels.

You collected 610 gold pieces.
You spent 370 gold pieces at shops.

Inventory:

Hand Weapons
 a - a +1 shortbow
 b - a +1 short sword of venom (weapon)
 C - a +1 halberd of freezing
 U - a +1 short sword of speed
Missiles
 H - 6 arrows
 Z - 8 needles of frenzy
Armour
 q - a +1 helmet (worn)
 t - a +1 pair of gloves (worn)
 G - a +0 chain mail
 N - a scarf of spirit shield
 Q - a +3 plate armour (worn)
Magical Staves
 W - an uncursed staff of wizardry {unknown}
Jewellery
 h - a cursed -3 ring of slaying {unknown}
 j - a ring of stealth (left hand)
 J - an uncursed ring of see invisible {unknown}
 V - an uncursed ring of ice {unknown}
Wands
 c - a wand of lightning (0/15)
 e - a wand of polymorph (8/24)
 f - a wand of flame (2/48)
 u - a wand of flame (34/48)
 I - a wand of confusion (17/48)
 T - a wand of disintegration (10/24)
 X - a wand of paralysis (11/24)
Scrolls
 d - 2 scrolls of magic mapping
 l - 5 scrolls of amnesia
 m - 2 scrolls of immolation {unknown}
 n - 4 scrolls of recharging
 r - 2 scrolls of random uselessness
 v - a scroll of fog
 y - a scroll of enchant weapon {unknown}
 A - 4 scrolls of remove curse
 L - 2 scrolls of fear {unknown}
 M - 2 scrolls of teleportation {unknown}
 O - 2 scrolls of blinking
Potions
 g - a potion of berserk rage
 p - 3 potions of flight
 s - 3 potions of degeneration
 w - 2 potions of magic
 x - a potion of mutation {unknown}
 z - a potion of heal wounds {unknown}
 B - a potion of resistance {unknown}
 D - 2 potions of agility
 E - 2 potions of cancellation {unknown}
 K - a potion of brilliance {unknown}
Books
 R - a book of Maledictions

   Spells                             Type                      Level
   a - Corona                         Hexes                        1
   b - Ensorcelled Hibernation        Hexes/Ice                    2
   c - Confuse                        Hexes                        3
   d - Tukima's Dance                 Hexes                        3
   e - Dazzling Spray                 Conjuration/Hexes            3
 S - a book of Debilitation

   Spells                             Type                      Level
   a - Corona                         Hexes                        1
   b - Slow                           Hexes                        2
   c - Inner Flame                    Hexes/Fire                   3
   d - Portal Projectile              Hexes/Translocation          3
   e - Cause Fear                     Hexes                        4
   f - Leda's Liquefaction            Hexes/Earth                  4
Comestibles
 i - a meat ration
 o - 8 fruits
 F - 2 bread rations


   Skills:
 + Level 10.5 Fighting
 + Level 8.4 Short Blades
 + Level 13.9 Bows
 - Level 1.3 Dodging
 - Level 0.4 Stealth


You had 10 spell levels left.
You didn't know any spells.

Dungeon Overview and Level Annotations

Branches:
Dungeon (12/15)            Temple (0/1) D:5            Lair (0/6) D:9
    Orc (0/2) D:12

Altars:
Cheibriados
Hepliaklqana
Okawaru
Qazlal
Vehumet
Zin
Beogh
Lugonu

Shops:
D:8 ?   D:10 (

Annotations:
D:9 Erica
D:11 p0werm0de's ghost, journeyman GrCK
D:12 Caerun's ghost, journeyman HOFi


Innate Abilities, Weirdness & Mutations

You have hooves in place of feet.
Armour fits poorly on your strangely shaped body.
You cover ground very quickly.
You have extremely tough skin. (AC +3)


Message History

You see here 2 arrows.
You see here an arrow.
Things that are here:
an arrow; a dagger You see here an arrow.
The two-headed ogre hits you with a giant club! x2
You see here an arrow.
You hit the two-headed ogre but do no damage.
The two-headed ogre is poisoned.
You kick the two-headed ogre, but do no damage.
You see here 2 arrows.
The two-headed ogre completely misses you.
The two-headed ogre hits you with a giant club.
* * * LOW HITPOINT WARNING * * *
You see here an arrow.
H - 6 arrows (gained 1)
The two-headed ogre hits you with a giant club!!
* * * LOW HITPOINT WARNING * * *
The two-headed ogre hits you with a giant club!
You die...

#W# # #.# #.# ####.# #. #.# #.#
...O.# #># #.# #.# ## .#####
#.###.######.########...# .#
#..[..........÷.......# .####.#
##...##.......######..O#
.....## ##..##.......## ..
..###.# ##...##.O...(..##
..#....###....#.@........##
..#.###.#.....(.(.........###.#
........)((((((((..(.(.∩.∩....#
.##.####..................#####
.##.# ####...###.##÷..∩.∩#
.##.# #......÷.#...÷### ###.#
#.<.#####.##.## ....# #####
#>##.# ######## #.#...


You could see a two-headed ogre.

Vanquished Creatures
  3 two-headed ogres
  A cyclops (D:12)
  Psyche (D:9)
  Maurice (D:9)
  A troll (D:10)
  A hippogriff (D:10)
  Sigmund (D:2)
  A shadow (D:7)
  A wyvern (D:8)
  3 yaks (D:11)
  A sky beast (D:8)
  The ghost of darxusza the Sneak, an amateur NaMo (D:4)
  2 necrophages (D:9)
  4 phantoms
  3 ice beasts
  8 ogres
  3 centaurs
  A bullfrog (D:10)
  A wyvern zombie (D:8)
  A wyvern skeleton (D:12)
  A water moccasin skeleton (D:10)
  6 scorpions
  4 wights (D:12)
  5 crimson imps
  4 howler monkeys
  A bullfrog zombie (D:5)
  A centaur zombie (D:7)
  10 orc priests
  5 hounds
  A jelly (D:6)
  4 orc wizards
  2 centaur skeletons
  3 iguanas
  7 worker ants
  2 hound skeletons
  2 worker ant zombies
  4 gnolls (D:3)
  14 adders
  A shadow imp (D:5)
  An ooze (D:3)
  An adder zombie (D:7)
  4 worms
  2 dart slugs
  8 leopard geckos
  33 orcs
  2 ball pythons
  6 giant cockroaches
  8 hobgoblins
  5 jackals
  4 quokkas
  9 bats
  5 frilled lizards
  5 goblins
  A jackal skeleton (D:6)
  7 kobolds
  A leopard gecko skeleton (D:7)
  2 quokka zombies
  7 rats
  A plant (D:2)
228 creatures vanquished.

Vanquished Creatures (others)
  2 orcs (D:5)
2 creatures vanquished.

Grand Total: 230 creatures vanquished

Notes
Turn   | Place    | Note
-------+----------+-------------------------------------------
     0 | D:1      | Inectha the Centaur Hunter began the quest for the Orb.
     0 | D:1      | Reached XP level 1. HP: 17/17 MP: 1/1
   251 | D:1      | Reached XP level 2. HP: 25/25 MP: 2/2
   964 | D:1      | Reached skill level 6 in Bows
   964 | D:1      | Reached XP level 3. HP: 9/30 MP: 3/3
  1938 | D:2      | Reached XP level 4. HP: 38/38 MP: 4/4
  1979 | D:2      | Noticed Sigmund
  2290 | D:2      | Found a faded altar of an unknown god.
  2332 | D:2      | Became a worshipper of Lugonu the Unformed
  2332 | D:2      | Reached * piety under Lugonu
  2332 | D:2      | Reached ** piety under Lugonu
  2383 | D:2      | Killed Sigmund
  2383 | D:2      | Reached skill level 7 in Bows
  2383 | D:2      | Reached XP level 5. HP: 24/47 MP: 5/5
  3102 | D:3      | Reached XP level 6. HP: 49/53 MP: 6/6
  3545 | D:3      | Reached skill level 8 in Bows
  3743 | D:3      | Reached skill level 5 in Fighting
  4122 | D:3      | Reached skill level 1 in Short Blades
  4151 | D:4      | Noticed darxusza's ghost (amateur NaMo)
  4747 | D:4      | Killed darxusza's ghost
  4747 | D:4      | Reached XP level 7. HP: 35/61 MP: 7/7
  5132 | D:4      | Found a snail-covered altar of Cheibriados.
  5455 | D:4      | Found a hazy altar of Hepliaklqana.
  5455 | D:4      | Found an iron altar of Okawaru.
  5877 | D:5      | Entered Level 5 of the Dungeon
  5969 | D:5      | Reached *** piety under Lugonu
  6006 | D:5      | Found a staircase to the Ecumenical Temple.
  6012 | D:5      | Reached skill level 9 in Bows
  6297 | D:5      | Found a radiant altar of Vehumet.
  6986 | D:5      | Reached XP level 8. HP: 70/70 MP: 8/8
  7029 | D:5      | Found a glowing silver altar of Zin.
  7439 | D:6      | Reached skill level 10 in Bows
  7632 | D:6      | Found a radiant altar of Vehumet.
  8571 | D:7      | HP: 2/73 [something] (6)]
  9852 | D:7      | Reached XP level 9. HP: 79/79 MP: 9/9
 10179 | D:7      | Reached skill level 5 in Short Blades
 10775 | D:7      | Reached skill level 11 in Bows
 11580 | D:8      | Noticed a two-headed ogre
 11632 | D:8      | HP: 4/81 [two-headed ogre/giant club (12)]
 11667 | D:8      | Killed a two-headed ogre
 12021 | D:8      | Noticed a two-headed ogre
 12044 | D:8      | Killed a two-headed ogre
 12044 | D:8      | Reached skill level 12 in Bows
 12171 | D:8      | Found Vuaqikhli's Magic Scroll Emporium.
 12400 | D:8      | Bought 2 scrolls of identify for 40 gold pieces
 12400 | D:8      | Bought a scroll of identify for 20 gold pieces
 12400 | D:8      | Bought 2 scrolls of enchant armour for 150 gold pieces
 12400 | D:8      | Bought a scroll of fog for 20 gold pieces
 12400 | D:8      | Bought a scroll of magic mapping for 35 gold pieces
 12400 | D:8      | Bought a scroll of recharging for 95 gold pieces
 12400 | D:8      | Bought a scroll of random uselessness for 10 gold pieces
 12487 | D:8      | Reached XP level 10. HP: 55/91 MP: 10/10
 12775 | D:8      | Reached **** piety under Lugonu
 13357 | D:9      | Noticed Maurice
 13425 | D:9      | Noticed Psyche
 13441 | D:9      | Killed Psyche
 13478 | D:9      | Killed Maurice
 13598 | D:9      | Noticed Erica
 14038 | D:9      | You fall through a shaft for 3 floors!
 14126 | D:12     | Found a staircase to the Orcish Mines.
 14164 | D:12     | Reached skill level 13 in Bows
 14203 | D:12     | Found a roughly hewn altar of Beogh.
 14626 | D:12     | Noticed a cyclops
 14737 | D:12     | Killed a cyclops
 14737 | D:12     | Reached skill level 10 in Fighting
 14976 | D:12     | Noticed Caerun's ghost (journeyman HOFi)
 15508 | D:11     | Noticed p0werm0de's ghost (journeyman GrCK)
 15601 | D:11     | Noticed a green ugly thing
 15702 | D:10     | Entered Level 10 of the Dungeon
 15703 | D:10     | Found Yjybb's Weapon Shoppe.
 15847 | D:9      | Found a stormy altar of Qazlal.
 16071 | D:10     | Noticed a two-headed ogre
 16517 | D:9      | Found a staircase to the Lair.
 16654 | D:10     | Noticed a two-headed ogre
 16755 | D:10     | Reached XP level 11. HP: 31/101 MP: 11/11
 16941 | D:10     | Killed a two-headed ogre
 17001 | D:10     | Slain by a two-headed ogre

Vault maps used:
D:1:      lemuel_arrival_cross
D:2:      chequers_ecumenical_altar_grove, serial_forest,
          infiniplex_forest_lined_corner, infiniplex_forest_clump_medium,
          infiniplex_forest_lined_2, infiniplex_forest_lined_3_way,
          infiniplex_forest_lined_1, infiniplex_forest_3_way, uniq_sigmund
D:3:      hangedman_abyss_or_decor_stabs
D:4:      kennysheep_little_box, gammafunk_temple_overflow_wave,
          kennysheep_generic_room_10
D:5:      zin_treasury, fiery_altar_vehumet, minmay_temple_entry_hall,
          first_bread, grunt_decor_arrowhead
D:6:      basic_altar, minmay_misc_feat_alley, st_stairs_4
D:7:      grunt_ogre_cave
D:8:      serial_shops, shop
D:9:      nicolae_overflow_crystal_walls, minmay_lair_entry_lava,
          kennysheep_path_1, item_on_display_a, uniq_psyche, uniq_maurice,
          uniq_erica
D:10:     serial_shops, nicolae_shop_competitors_out_of_business, shop,
          nicolae_shop_overgrown_old_shop, shop
D:11:     uniq_grum
D:12:     minmay_orc_entry_temple_small

Skill      XL: |  1  2  3  4  5  6  7  8  9 10 |
---------------+-------------------------------+-----
Bows           | 6 7 8 9 10 12 13 | 13.9
Fighting       | 3 4 5 6 7 9 10 | 10.5
Short Blades   | 1 3 4 6 8 |  8.4
Dodging        | |  1.3
Stealth        | |  0.4

Action                   |  1- 3 |  4- 6 |  7- 9 | 10-12 || total
-------------------------+-------+-------+-------+-------++-------
Melee: Short sword       |   100 |    16 |   109 |   113 ||   338
       Kick              |    32 |     6 |    32 |    37 ||   107
       Halberd           |       |       |     2 |       ||     2
       Shortbow          |       |       |     1 |     1 ||     2
       Unarmed           |       |       |       |     3 ||     3
 Fire: Shortbow          |    68 |   190 |   303 |   385 ||   946
Invok: Bend Space        |       |       |     1 |     3 ||     4
Evoke: Wand              |       |       |     1 |     6 ||     7
  Use: Potion            |     1 |       |     4 |     5 ||    10
       Scroll            |     2 |     5 |    11 |     4 ||    22
 Stab: Sleeping          |       |       |     1 |       ||     1
       Confused          |       |       |       |     1 ||     1
  Eat: Bread ration      |     1 |     1 |     3 |       ||     5
       Fruit             |       |     1 |       |       ||     1
       Royal jelly       |       |       |     2 |       ||     2
       Meat ration       |       |       |     1 |     2 ||     3
Armor: Leather armour    |    68 |    22 |    12 |       ||   102
       Chain mail        |       |       |    77 |       ||    77
       Plate armour      |       |       |     1 |   131 ||   132
       Skin              |       |       |       |     2 ||     2
Dodge: Dodged            |    70 |    49 |    33 |    16 ||   168

Table legend:
 A = Spawn XP
 B = Non-spawn XP
 C = Spawn XP percentage of total XP
 D = Spawn monster count
 E = Non-spawn monster count
 F = Spawn count percentage of total count
 G = Total turns spent on level
                    A         B        C        D         E        F      G
               +---------+---------+-------+---------+---------+-------+---------
         Total |       0 |   12302 |   0.0 |       0 |     227 |   0.0 | 17001
               +---------+---------+-------+---------+---------+-------+---------
           D:1 |       0 |      47 |   0.0 |       0 |      25 |   0.0 |  1166
           D:2 |       0 |     322 |   0.0 |       0 |      22 |   0.0 |  1715
           D:3 |       0 |     314 |   0.0 |       0 |      31 |   0.0 |  1763
           D:4 |       0 |     254 |   0.0 |       0 |      14 |   0.0 |  1233
           D:5 |       0 |     576 |   0.0 |       0 |      18 |   0.0 |  1330
           D:6 |       0 |     720 |   0.0 |       0 |      16 |   0.0 |  1910
           D:7 |       0 |    1018 |   0.0 |       0 |      22 |   0.0 |  1961
           D:8 |       0 |    2793 |   0.0 |       0 |      23 |   0.0 |  2308
           D:9 |       0 |    1921 |   0.0 |       0 |      19 |   0.0 |  1256
          D:10 |       0 |    2069 |   0.0 |       0 |      14 |   0.0 |   695
          D:11 |       0 |     723 |   0.0 |       0 |       4 |   0.0 |   559
          D:12 |       0 |    1545 |   0.0 |       0 |      19 |   0.0 |  1105
               +---------+---------+-------+---------+---------+-------+---------
